 Dungeon Crawl Stone Soup version 0.30.2 (webtiles) character file.

Game seed: 6705548645517553342

543 porpoise the Shooter (level 7, 0/54 HPs)
             Began as a Human Hunter on Jan 25, 2024.
             Succumbed to a water moccasin's poison
             ... on level 5 of the Dungeon.
             The game lasted 00:08:46 (3589 turns).

porpoise the Shooter (Human Hunter)                 Turns: 3589, Time: 00:08:46

Health: 0/54       AC:  5    Str: 11    XL:     7   Next: 52%
Magic:  7/7        EV: 11    Int: 10    God:
Gold:   122        SH:  0    Dex: 18    Spells: 6/6 levels left

rFire   . . .        b - +0 short sword (venom)
rCold   . . .        (no shield)
rNeg    . . .        n - +0 ring mail
rPois   .            (no helmet)
rElec   .            (no cloak)
rCorr   .            (no gloves)
SInv    .            (no boots)
Will    .....        (no amulet)
Stlth   ++           (no ring)
HPRegen 0.29/turn    (no ring)
MPRegen 0.10/turn

%: no passive effects
@: lethally poisoned (0 -> -12)
A: no striking features
a: no special abilities


You were on level 5 of the Dungeon.
You visited 1 branch of the dungeon, and saw 5 of its levels.

You collected 122 gold pieces.

Inventory:

Hand Weapons
 a - a +0 shortbow
 b - a +0 short sword of venom (weapon)
Missiles
 o - 2 boomerangs
 q - 7 poisoned darts
Armour
 n - a +0 ring mail (worn)
Jewellery
 h - a ring of wizardry
Scrolls
 c - 2 scrolls of fear
 d - a scroll of fog
 e - a scroll of noise {unknown}
 f - a scroll of enchant weapon {unknown}
 g - a scroll of immolation
 i - a scroll of magic mapping {unknown}
 l - a scroll of teleportation {unknown}
 m - a scroll of enchant armour {unknown}
 r - a scroll of vulnerability
 t - a scroll of silence {unknown}
Potions
 j - a potion of cancellation
 k - 2 potions of flight
 p - a potion of lignification {unknown}


   Skills:
 + Level 4.1 Fighting
 * Level 6.7 Ranged Weapons
 - Level 2.0 Dodging
 + Level 4.0 Stealth


You had 6 spell levels left.
You didn't know any spells.
Your spell library contained the following spells:

 Spells                   Type           Power      Damage    Failure   Level
 Apportation              Tloc           0%         N/A       67%         1
 Necrotise                Necr           0%         1d4       67%         1
 Summon Small Mammal      Summ           0%         N/A       67%         1


Dungeon Overview and Level Annotations

Branches:
Dungeon (5/15)
 Temple: D:4-7

Altars:
Dithmenos
Gozag
Makhleb
Zin
The Shining One


Message History

The water moccasin is severely wounded.
You feel sick. The water moccasin bites you.
* * * LOW HITPOINT WARNING * * *
You are more poisoned.
The water moccasin poisons you!
You barely miss the water moccasin.
The water moccasin is severely wounded.
* * * LOW HITPOINT WARNING * * *
You feel very sick. The water moccasin bites you!
* * * LOW HITPOINT WARNING * * *
The water moccasin bites you.
* * * LOW HITPOINT WARNING * * *
You feel much better.
You feel very sick. The water moccasin closely misses you.
You hit the water moccasin but do no damage.
The water moccasin is severely wounded.
You feel sick. The water moccasin bites you.
You barely miss the water moccasin.
The water moccasin is severely wounded.
You feel sick.
The water moccasin closely misses you. x2
You barely miss the water moccasin.
The water moccasin is severely wounded.
You feel sick. The water moccasin bites you!
* * * LOW HITPOINT WARNING * * *
You hit the water moccasin.
The water moccasin is severely wounded.
You feel sick. The water moccasin bites you.
* * * LOW HITPOINT WARNING * * *
You are lethally poisoned!
The water moccasin poisons you! The water moccasin barely misses you.
You hit the water moccasin.
The water moccasin is severely wounded.
* * * LOW HITPOINT WARNING * * *
You feel very sick. The water moccasin closely misses you.
You completely miss the water moccasin.
The water moccasin is severely wounded.
You die...

#..... #.... ....
##...### ....
#......## .....
#..<....##....#
#..#...##....#
##....##.....#?
.##"...........
........@S......
#..#............
#.##..##........
#.......##..:....
.....#. .......
.#..## ......# .#
....### ...##


You could see a water moccasin.

Vanquished Creatures
  Grinder (D:3)
  An ice beast (D:4)
  3 orc wizards (D:3)
  8 adders
  An ufetubus (D:4)
  A worm (D:4)
  A dart slug (D:1)
  6 orcs
  8 bats
  4 endoplasms
  6 giant cockroaches
  6 goblins
  8 hobgoblins
  3 jackals (D:2)
  2 quokkas (D:4)
  10 ball pythons
  7 frilled lizards
  15 kobolds
  7 rats
98 creatures vanquished.

Notes
Turn   | Place    | Note
-------+----------+-------------------------------------------
     0 | D:1      | porpoise the Human Hunter began the quest for the Orb.
     0 | D:1      | Reached XP level 1. HP: 16/16 MP: 1/1
   115 | D:1      | Reached XP level 2. HP: 22/22 MP: 2/2
   311 | D:1      | Reached XP level 3. HP: 28/28 MP: 3/3
   915 | D:2      | Reached XP level 4. HP: 34/34 MP: 4/4
  1086 | D:2      | You fall into a shaft and drop 1 floor!
  1143 | D:3      | Found a faded altar of an unknown god.
  1235 | D:3      | Reached skill level 5 in Ranged Weapons
  1235 | D:3      | Reached XP level 5. HP: 33/40 MP: 5/5
  1267 | D:3      | Found a glowing silver altar of Zin.
  1298 | D:3      | Found an opulent altar of Gozag.
  1299 | D:3      | Noticed Grinder
  1311 | D:3      | Paralysed by Grinder for 4 turns
  1330 | D:3      | Killed Grinder
  1331 | D:3      | Reached skill level 6 in Ranged Weapons
  1331 | D:3      | Reached XP level 6. HP: 47/47 MP: 6/6
  1598 | D:2      | Reached XP level 7. HP: 53/53 MP: 7/7
  2392 | D:3      | Found a glowing golden altar of the Shining One.
  2996 | D:4      | Found a burning altar of Makhleb.
  3061 | D:4      | Found a shadowy altar of Dithmenos.
  3531 | D:5      | Entered Level 5 of the Dungeon
  3568 | D:5      | Noticed a water moccasin
  3582 | D:5      | HP: 2/54 [water moccasin (3)]
  3589 | D:5      | Succumbed to a water moccasin's poison

Illustrated notes

Levels and vault maps discovered:
D:1:      kilobyte_arrival_exit_the_forest, layout_basic, minmay_misc_feat_cross
D:2:      layout_rooms, lexackson_kobold_supper
D:3:      cheibrodos_old_hovel, layout_basic, nicolae_tso_swordbearing_angel,
          overflow_temple_1_default, mainiacjoe_overflow_concentric_impassable,
          shapermc_ecumenical_altar_acropolis, chequers_serial_rivers_small_a,
          uniq_grinder
D:4:      layout_basic, lemuel_round_altar, mainiacjoe_overflow_six_doors_small,
          fountainhead
D:5:      layout_cave_pools, uniq_prince_ribbit1

Skill      XL: |  1  2  3  4  5  6  7 |
---------------+----------------------+-----
Stealth        | 2 3 4 |  4.0
Ranged Weapons | 5 6 |  6.7
Fighting       | 3 4 |  4.1
Dodging        | |  2.0

Action                     |  1- 3 |  4- 6 |  7- 9 || total
---------------------------+-------+-------+-------++-------
  Melee: Short sword       |       |    25 |    34 ||    59
   Fire: Shortbow          |    62 |    71 |   109 ||   242
    Use: Scroll            |       |     1 |     5 ||     6
         Potion            |       |       |     2 ||     2
   Stab: Sleeping          |       |       |     1 ||     1
 Armour: Leather armour    |     4 |     3 |       ||     7
         Ring mail         |       |    16 |    22 ||    38
  Dodge: Dodged            |    11 |    26 |    36 ||    73
